 Dungeon Crawl Stone Soup version 0.31.0-11-ge490571c62 (webtiles) character file.

Game seed: 9222913327220902081

67 Danswan24 the Conjurer (level 4, -3/24 HPs)
             Began as a Deep Elf Conjurer on Feb 6, 2024.
             Slain by an orc wizard
             ... wielding a +1 dagger of speed
              (4 damage)
             ... on level 3 of the Dungeon.
             The game lasted 00:04:31 (2021 turns).

Danswan24 the Conjurer (Deep Elf Conjurer)          Turns: 2021, Time: 00:04:32

Health: -3/24      AC:  2    Str:  4    XL:     4   Next: 0%
Magic:  9/12       EV: 12    Int: 25    God:
Gold:   116        SH:  0    Dex: 13    Spells: 9/12 levels left

rFire   . . .        (no weapon)
rCold   . . .        (no shield)
rNeg    . . .        a - +0 robe
rPois   .            (no helmet)
rElec   .            (no cloak)
rCorr   .            (no gloves)
SInv    .            (no boots)
Will    .....        (no amulet)
Stlth   +            (no ring)
HPRegen 0.24/turn    (no ring)
MPRegen 0.13/turn

%: no passive effects
@: confused
A: no striking features
a: no special abilities


You were on level 3 of the Dungeon.
You visited 1 branch of the dungeon, and saw 3 of its levels.

You collected 116 gold pieces.

Inventory:

Armour
 a - a +0 robe (worn)
Scrolls
 d - 2 scrolls of identify {unknown}
 f - a scroll of noise {unknown}
 i - a scroll of enchant weapon {unknown}
 j - a scroll of acquirement {unknown}
Potions
 b - 2 potions of magic
 c - 2 potions of curing {unknown}
 e - a potion of ambrosia {unknown}
 g - a potion of lignification {unknown}
 h - a potion of haste {unknown}
 k - a potion of mutation {unknown}


   Skills:
 - Level 2.4 Dodging
 - Level 2.4 Stealth
 + Level 4.6 Spellcasting
 + Level 5.3 Conjurations


You had 9 spell levels left.
You knew the following spells:

 Your Spells              Type           Power      Damage    Failure   Level
a - Magic Dart            Conj           100%       1d8       1%          1
b - Searing Ray           Conj           64%        2d6       1%          2

Your spell library contained the following spells:

 Spells                   Type           Power      Damage    Failure   Level
 Fulminant Prism          Conj/Alch      9%         3d7       28%         4
 Iskenderun's Mystic Bla  Conj/Tloc      19%        2d6       28%         4


Dungeon Overview and Level Annotations

Branches:
Dungeon (3/15)

Altars:
Zin


Message History

A puff of flame appears from out of thin air!
The puff of flame hits you!
* * * LOW HITPOINT WARNING * * *
You're too confused to move!
You're too confused to move!
There is a stone staircase leading up here.
You can't go down here!
In your confused state, you trip and fall back down the stairs.
* * * LOW HITPOINT WARNING * * *
You feel less confused.
Unknown command.
Unknown command.
Casting: Magic Dart (safe; 1% risk of failure)
Confirm with . or Enter, or press ? or * to list all spells.
You can't see any susceptible monsters within range! (Use Z to cast anyway.)
Casting: Magic Dart (safe; 1% risk of failure)
Confirm with . or Enter, or press ? or * to list all spells.
You can't see any susceptible monsters within range! (Use Z to cast anyway.)
Casting: Magic Dart (safe; 1% risk of failure)
Confirm with . or Enter, or press ? or * to list all spells.
You don't know that spell.
Casting: Magic Dart (safe; 1% risk of failure)
Confirm with . or Enter, or press ? or * to list all spells.
You can't see any susceptible monsters within range! (Use Z to cast anyway.)
Casting: Magic Dart (safe; 1% risk of failure)
Confirm with . or Enter, or press ? or * to list all spells.
You don't know that spell.
Casting: Magic Dart (safe; 1% risk of failure)
Confirm with . or Enter, or press ? or * to list all spells.
Aiming: Searing Ray (safe; 1% risk of failure)
Press: ? - help, Shift-Dir - straight line (Press . to maintain the ray.)
Something hits you.
* * * LOW HITPOINT WARNING * * *
Something hits you.
* * * LOW HITPOINT WARNING * * *
You hear some strange, mumbled words.
You are confused.
Something hits you.
You die...

####.##
#.....#
#.##..#
#.#...#
#.#...#
#.....####
##.......+
##{..####
####@.####
#........#
#.......>#.#
#.#.##.#.....
# #.
#.#.##### #
..#.# ###.#


There were no monsters in sight!

Vanquished Creatures
  2 adders (D:2)
  A dart slug (D:1)
  A ribbon worm (D:2)
  An orc (D:3)
  3 ball pythons (D:2)
  8 endoplasms
  A giant cockroach (D:2)
  3 hobgoblins
  3 jackals (D:2)
  3 bats
  A frilled lizard (D:2)
  5 goblins
  8 kobolds
  3 rats (D:1)
43 creatures vanquished.

Notes
Turn   | Place    | Note
-------+----------+-------------------------------------------
     0 | D:1      | Danswan24 the Deep Elf Conjurer began the quest for the
                  | Orb.
     0 | D:1      | Reached XP level 1. HP: 10/10 MP: 6/6
   200 | D:1      | Reached XP level 2. HP: 15/15 MP: 2/8
   954 | D:2      | Learned a level 2 spell: Searing Ray
  1147 | D:2      | Reached skill level 5 in Conjurations
  1147 | D:2      | Reached XP level 3. HP: 19/19 MP: 4/10
  1598 | D:2      | Found a glowing silver altar of Zin.
  2002 | D:3      | Reached XP level 4. HP: 24/24 MP: 10/12
  2019 | D:3      | HP: 1/24 [something (2)]
  2021 | D:3      | Slain by an orc wizard

Illustrated notes

Levels and vault maps discovered:
D:1:      matt_arrival_diagonals, layout_loops_ring, minmay_misc_feat_columns,
          amcnicky_mini_pool_small, moated_statue, minivault_23,
          chequers_serial_rivers_room_a, minmay_pentomino_p2
D:2:      layout_basic, basic_altar, serial_curves, eino_curves_04,
          eino_curves_03, eino_curves_01, minivault_5
D:3:      layout_loops_corners, gammafunk_temple_overflow_pools,
          gammafunk_temple_overflow_claw, uniq_sigmund, uniq_ijyb, uniq_robin

Skill      XL: |  1  2 |
---------------+-------+-----
Spellcasting   | 4 |  4.6
Conjurations   | 5 |  5.3
Dodging        | |  2.4
Stealth        | |  2.4

Action                     |  1- 3 |  4- 6 || total
---------------------------+-------+-------++-------
   Cast: Magic Dart        |    72 |       ||    72
         Searing Ray       |     3 |     1 ||     4
 Armour: Robe              |     1 |     6 ||     7
  Dodge: Dodged            |     2 |       ||     2
